 Dungeon Crawl Stone Soup version 0.30-a0-881-g1ff12e1e11 (webtiles) character file.

Game seed: 7868515810836720607

4 lesbiats the Shield-Bearer (level 1, 0/22 HPs)
             Began as a Troll Fighter on Mar 15, 2023.
             Killed by divine providence
             ... invoked by an orc priest
              (12 damage)
             ... on level 2 of the Dungeon.
             The game lasted 00:01:06 (239 turns).

lesbiats the Shield-Bearer (Troll Fighter)           Turns: 239, Time: 00:01:06

Health: 0/22       AC:  4    Str: 23    XL:     1   Next: 50%
Magic:  0/0        EV:  8    Int:  4    God:
Gold:   0          SH:  7    Dex:  9    Spells: 0/0 levels left

rFire   . . .      SeeInvis .      - Unarmed
rCold   . . .      Faith    .    b - +0 kite shield
rNeg    . . .      Spirit   .    a - +0 robe
rPois   .          Reflect  .    (helmet restricted)
rElec   .          Rampage  .    (no cloak)
rCorr   .                        (gloves unavailable)
Will    .....                    (boots unavailable)
Stlth   +                        e - amulet of regeneration
HPRegen 1.83/turn                (no ring)
MPRegen 0.07/turn                (no ring)

@: no status effects
A: large, unfitting armour, claws 3, regeneration 1, shaggy fur 1, tough skin 1
a: no special abilities


You were on level 2 of the Dungeon.
You visited 1 branch of the dungeon, and saw 2 of its levels.

Inventory:

Armour
 a - a +0 robe (worn)
 b - a +0 kite shield (worn)
Jewellery
 e - an amulet of regeneration (around neck)
Scrolls
 d - 2 scrolls of teleportation {unknown}
Potions
 c - a potion of might


   Skills:
 + Level 2.4 Fighting
 - Level 2.4 Dodging
 + Level 2.7 Shields
 * Level 2.2 Unarmed Combat


You couldn't memorise any spells.
You didn't know any spells.
Your spell library was empty.

Dungeon Overview and Level Annotations

Branches:
Dungeon (1/15)

Altars:


Innate Abilities, Weirdness & Mutations

You are too large for most types of armour.
You have claws for hands.
Your natural rate of healing is unusually fast.
You are covered in fur. (AC +1)
You have tough skin. (AC +1)


Message History

d - 2 scrolls labelled QEZUSU HACO WAE (gained 1)
Found a thin amethyst amulet.
e - an amulet of regeneration You start putting on your amulet.
You continue putting on your amulet of regeneration. x5
You finish putting on your amulet of regeneration.
The amulet throbs as it attunes itself to your uninjured body.
e - an amulet of regeneration (around neck)
An endoplasm comes into view.
A quokka comes into view.
You closely miss the quokka. You block the quokka's attack. x2
You claw the quokka!
You kill the quokka!
You see here a quokka corpse.
An orc and an orc priest come into view.
The orc shouts!
The orc priest shouts!
The endoplasm quivers.
You hear a shout!
The orc priest moves out of view.
You hear a shout!
You hear a shout!
A worm comes into view.
The orc priest looks braver for a moment.
You claw the endoplasm!
You kill the endoplasm!
The orc priest hits you with a +0 short sword.
You barely miss the orc priest.
An orc comes into view. It is wielding a +0 flail.
The orc priest hits you but does no damage.
You scratch the orc priest.
The orc priest is lightly wounded.
The orc priest mumbles some strange prayers to Beogh against you.
Pain shoots through your body!
Ouch! That really hurt!
You closely miss the orc priest.
The orc priest is lightly wounded.
The orc priest invokes the aid of Beogh against you.
Beogh smites you!
Ouch! That really hurt!
You die...

#.### # #.#..# #
##.#.# ## #
###†#########..
#
##.#.......J...
#
#....#.o........
# #.....o#......
#.######
#....#o# ~...~
#.......
####.#@# ....
#..##### #...#
.o. #.# ###.# ..
#. #.# ~ # #.#
.w......#
######..# #...
....


You could see an orc priest and 2 orcs.

Vanquished Creatures
  An endoplasm (D:2)
  A giant cockroach (D:1)
  A quokka (D:2)
3 creatures vanquished.

Notes
Turn   | Place    | Note
-------+----------+-------------------------------------------
     0 | D:1      | lesbiats the Troll Fighter began the quest for the Orb.
     0 | D:1      | Reached XP level 1. HP: 22/22 MP: 0/0
    59 | D:1      | You fall into a shaft and drop 1 floor!
   224 | D:2      | Noticed an orc priest
   239 | D:2      | Killed from afar by an orc priest

Illustrated notes

Levels and vault maps discovered:
D:1:      dpeg_arrival_rooms_b, layout_basic
D:2:      cheibrodos_pilgrimage, layout_loops_corners, uniq_sigmund,
          uniq_terence

Action                     || total
---------------------------++-------
  Melee: Unarmed           ||     8
 Armour: Robe              ||     1
  Block: Kite shield       ||     2

Table legend: (Time is in decaauts)
 A = Elapsed time spent in this place.
 B = Non-inter-level travel time spent in this place.
 C = Inter-level travel time spent in this place.
 D = Time resting spent in this place.
 E = Time spent auto-exploring this place.
 F = Levels seen in this place.
 G = Mean time per level.
                   A        B        C        D        E       F      G
               +--------+--------+--------+--------+--------+-----+--------+
         Total |    239 |    239 |      0 |      0 |     51 |   2 |  119.5 |
       Dungeon |    239 |    239 |      0 |      0 |     51 |   2 |  119.5 |
               +--------+--------+--------+--------+--------+-----+--------+

Top non-repeatable levels by time:
     D:2: 180 daAuts
     D:1: 59 daAuts
